 Dungeon Crawl Stone Soup version 0.28.0-53-g5a82cb258f (webtiles) character file.

Game seed: 18342331427174419357

6 LynnLen the Sneak (level 1, -1/10 HPs)
             Began as a Vampire Enchanter on Aug 17, 2022.
             Killed from afar by a dart slug (3 damage)
             ... with a slug dart
             ... on level 1 of the Dungeon.
             The game lasted 00:00:42 (157 turns).

LynnLen the Sneak (Vampire Enchanter)                Turns: 157, Time: 00:00:43

Health: -1/10      AC:  2    Str:  7    XL:     1   Next: 75%
Magic:  3/3        EV: 12    Int: 17    God:
Gold:   6          SH:  0    Dex: 14    Spells: 4/4 levels left

rFire   . . .      SeeInvis +   a - +1 dagger
rCold   + + .      Faith    .   (no shield)
rNeg    + + +      Spirit   .   b - +0 robe
rPois   ∞          Reflect  .   (no helmet)
rElec   .          Harm     .   (no cloak)
rCorr   .          Rampage  .   (no gloves)
Will    .....                   (no boots)
Stlth   +++++.....              (no amulet)
HPRegen 0.00/turn               (no ring)
MPRegen 0.08/turn               (no ring)

@: bloodless, inhibited regen, invisible
A: bloodless, fangs 3, see invisible, vampiric 1
a: Revivify


You were on level 1 of the Dungeon.
You visited 1 branch of the dungeon, and saw 1 of its levels.

You collected 6 gold pieces.

Inventory:

Hand Weapons
 a - a +1 dagger (weapon)
Missiles
 e - 18 sling bullets
Armour
 b - a +0 robe (worn)
Scrolls
 d - a scroll of brand weapon {unknown}


   Skills:
 + Level 1.6 Short Blades
 - Level 2.1 Dodging
 + Level 4.8 Stealth
 - Level 2.0 Spellcasting
 - Level 4.4 Hexes


You had 4 spell levels left.
You didn't know any spells.
Your spell library contained the following spells:

 Spells                   Type           Power      Damage    Failure   Level
 Confusing Touch          Hex            16%        N/A       10%         3
 Tukima's Dance           Hex            16%        N/A       10%         3
 Ensorcelled Hibernation  Hex/Ice        18%        N/A       12%         2
 Dazzling Flash           Conj/Hex       18%        N/A       24%         3


Dungeon Overview and Level Annotations

Branches:
Dungeon (1/15)

Altars:


Innate Abilities, Weirdness & Mutations

You do not regenerate when monsters are visible.
You are frail without blood (-20% HP).
You can heal yourself when you bite living creatures.
You are immune to poison.
You have razor-sharp teeth.
You have supernaturally acute eyesight. (SInv)
You are afflicted with vampirism.


Message History

A kobold is nearby!
The helpless kobold fails to defend itself.
You bite the kobold, and draw its blood!
You impale the kobold!!
You kill the kobold!
Things that are here:
a +0 whip; a kobold corpse A goblin comes into view.
It is wielding a +0 dagger.
A goblin is nearby!
The helpless goblin fails to defend itself.
You bite the goblin, and draw its blood!
You impale the goblin!!
You kill the goblin!
Things that are here:
a +0 dagger; a goblin corpse An endoplasm comes into view.
An endoplasm is nearby!
Found a stone staircase leading down.
A dart slug comes into view.
The endoplasm quivers.
The dart slug launches a dart at you. The slug dart hits you.
The endoplasm hits you.
You hit the endoplasm. You punch the endoplasm.
The endoplasm is severely wounded.
The endoplasm closely misses you.
You barely miss the endoplasm.
The endoplasm is severely wounded.
The dart slug launches a dart at you. The slug dart hits you.
* * * LOW HITPOINT WARNING * * *
The endoplasm closely misses you.
You hit the endoplasm. You bite the endoplasm.
You kill the endoplasm!
Found a scroll labelled HUDIPA YPHUU.
You fade into invisibility!
The dart slug launches a dart at something.
The dart slug launches a dart at you. The slug dart hits you.
You die...

#?#.# .# .#.#### .# #.....#..# .
#..##.#..# .. #..#>...
...###..#..# # ...........#.#
...........#.# ...#.#....@w.###
#...........# ...
..###....######## #..
.........#####
###.########.#......#
#.#.#......#.#.####.#
#.#.#.####.#.#.####.#######
#.#.#.#.<#.#.#...).........
#.#.#.#.##.#.#...##.#############


You could see a dart slug.

Vanquished Creatures
  An endoplasm (D:1)
  2 goblins (D:1)
  2 kobolds (D:1)
5 creatures vanquished.

Notes
Turn   | Place    | Note
-------+----------+-------------------------------------------
     0 | D:1      | LynnLen the Vampire Enchanter began the quest for the Orb.
     0 | D:1      | Reached XP level 1. HP: 13/13 MP: 3/3
    74 | D:1      | Found a faded altar of an unknown god.
   157 | D:1      | Killed from afar by a dart slug

Illustrated notes

Levels and vault maps discovered:
D:1:      matt_arrival_spirals, layout_basic, serial_shops,
          nicolae_shop_advertising_works [nicolae_subvault_shop_adworks],
          ebering_ecumenical_altar_webs

Action                   || total
-------------------------++-------
Melee: Dagger            ||     7
       Punch             ||     1
       Bite              ||     1
 Abil: Exsanguinate      ||     1
  Use: Potion            ||     1
 Stab: Sleeping          ||     4
Dodge: Dodged            ||     2
